 Dungeon Crawl Stone Soup version 0.18-a0-1800-gdc7a371 (webtiles) character file.

34 TheGoonsmith the Conjurer (level 3, -8/19 HPs)
             Began as a Tengu Conjurer on Apr 25, 2016.
             Killed from afar by Sigmund (11 damage)
             ... with a puff of flame
             ... on level 1 of the Dungeon.
             The game lasted 00:01:22 (981 turns).

TheGoonsmith the Conjurer (Tengu Conjurer)           Turns: 981, Time: 00:01:23

Health: -8/19      AC:  2    Str:  8    XL:     3   Next: 31%
Magic:  2/7        EV: 12    Int: 21    God:
Gold:   56         SH:  0    Dex: 14    Spells: 2 memorised, 3 levels left

rFire  . . .     SeeInvis .     (no weapon)
rCold  . . .     Gourm    .     a - +0 robe
rNeg   . . .     Faith    .     (no shield)
rPois  .         Spirit   .     (helmet restricted)
rElec  .         Dismiss  .     (no cloak)
rCorr  .         Reflect  .     (no gloves)
SustAt .         Harm     .     (boots unavailable)
MR     .....                    (no amulet)
Stlth  ++........               (no ring)
                                (no ring)

@: brilliant, not resistant to hostile enchantments, unstealthy
A: beak, talons 3
a: no special abilities


You were on level 1 of the Dungeon.
You were hungry.

You visited 1 branch of the dungeon, and saw 2 of its levels.

You collected 56 gold pieces.

Inventory:

Armour
 a - a +0 robe (worn)
Scrolls
 d - 2 scrolls of identify {unknown}
 f - a scroll of magic mapping {unknown}
 g - a scroll of enchant weapon {unknown}
 h - 2 scrolls of teleportation {unknown}
 j - a scroll of fog {unknown}
Potions
 i - a potion of degeneration {unknown}
Books
 b - a book of Conjurations

   Spells                             Type                      Level
   a - Magic Dart                     Conjuration                  1
   b - Searing Ray                    Conjuration                  2
   c - Dazzling Spray                 Conjuration/Hexes            3
   d - Fulminant Prism                Conjuration/Hexes            4
   e - Iskenderun's Mystic Blast      Conjuration                  4
   f - Iskenderun's Battlesphere      Conjuration/Charms           5
Comestibles
 c - a bread ration


   Skills:
 - Level 2.1 Dodging
 - Level 2.0 Stealth
 - Level 2.0 Spellcasting
 + Level 6.7 Conjurations


You had 3 spell levels left.
You knew the following spells:

 Your Spells              Type           Power        Failure   Level  Hunger
a - Magic Dart            Conj           ####         1%          1    #......
b - Searing Ray           Conj           #####.       1%          2    ##.....


Dungeon Overview and Level Annotations

Branches:
Dungeon (2/15)

Altars:

Annotations:
D:1 Sigmund
D:2 Robin


Innate Abilities, Weirdness & Mutations

You have a beak for a mouth.
You have claws for feet.


Message History

Aiming: Searing Ray
Press: ? - help, Shift-Dir - straight line, f - Sigmund
Aim: Sigmund, wielding a scythe and wearing a robe (unusually agile)
The searing ray hits Sigmund.
Sigmund is lightly wounded.
Sigmund mumbles some strange words.
Sigmund flickers and vanishes!
Deactivating autopickup; reactivate with Ctrl-A.
Something hits you but does no damage. Something barely misses you.
The searing ray hits something.
A magic dart appears from out of thin air!
The magic dart hits you!
A magic dart appears from out of thin air!
The magic dart hits you!
* * * LOW HITPOINT WARNING * * *
A puff of flame appears from out of thin air!
The puff of flame hits you!
Ouch! That really hurt!
You die...

.......................#
......#................#
......##...............#
##....###...#.........##
##.##.......>..........#
.......................#
....#.#....##..........#
........##..#..........#
............#...@......#
...#..#####...........##
...##.### ##...##..##.#
...##...## ##..#8.)8#.#
...#..#..# #.....>...#
...#.###.## ##.......##
####.# #..# #.#8..8##
###..####.####.##..##
.......##....#....#.#


There were no monsters in sight!

Vanquished Creatures
  An adder (D:2)
  An ooze (D:1)
  A giant gecko (D:1)
  3 giant cockroaches (D:1)
  3 goblins
  2 jackals (D:1)
  A ball python (D:1)
  3 bats (D:1)
  2 kobolds (D:1)
  3 rats (D:1)
20 creatures vanquished.

Notes
Turn   | Place    | Note
--------------------------------------------------------------
     0 | D:1      | TheGoonsmith the Tengu Conjurer began the quest for the Orb.
     0 | D:1      | Reached XP level 1. HP: 10/10 MP: 4/4
   128 | D:1      | Reached XP level 2. HP: 14/15 MP: 0/6
   226 | D:1      | Reached skill level 6 in Conjurations
   276 | D:1      | Learned a level 2 spell: Searing Ray
   882 | D:2      | Reached XP level 3. HP: 19/19 MP: 4/7
   904 | D:2      | Noticed Robin
   970 | D:2      | Noticed Sigmund
   981 | D:1      | Killed from afar by Sigmund

Vault maps used:
D:1:      minmay_arrival_glassed_features, st_stairs_6,
          minmay_misc_feat_four_crosses
D:2:      kennysheep_slug_shrine, first_bread, uniq_robin, uniq_sigmund,
          uniq_iyjb

Skill      XL: |  1  2 |
---------------+-------+-----
Conjurations   | 6 |  6.7
Dodging        | |  2.1
Stealth        | |  2.0
Spellcasting   | |  2.0

Action                   || total
-------------------------++-------
Melee: Unarmed           ||    10
       Peck              ||     2
       Kick              ||     1
 Cast: Magic Dart        ||    44
       Searing Ray       ||     1
  Use: Potion            ||     1
Armor: Robe              ||     3
Dodge: Dodged            ||    13
